 Dungeon Crawl Stone Soup version 0.31.0-1-g2c135a008e (webtiles) character file.

Game seed: 11396929568064148878

92 qw the Shooter (level 4, 0/35 HPs)
             Began as a Djinni Hunter on Jan 24, 2024.
             Frozen to death by an endoplasm (7 damage)
             ... on level 2 of the Dungeon.
             The game lasted 00:00:04 (1453 turns).

qw the Shooter (Djinni Hunter)                      Turns: 1453, Time: 00:00:05

Health: 0/35       AC:  3    Str: 10    XL:     4   Next: 90%
Gold:   41         EV: 13    Int: 11    God:
                   SH:  0    Dex: 18

rFire   + + .        a - +0 shortbow
rCold   x . .        (shield currently unavailable)
rNeg    . . .        c - +0 leather armour
rPois   inf          (no helmet)
rElec   .            (no cloak)
rCorr   .            (no gloves)
SInv    .            (boots unavailable)
Will    .....        (no amulet)
Stlth   ++           (no ring)
HPRegen 0.25/turn    (no ring)
MPRegen 0.00/turn

%: infuse magic (-1 HP)
@: flying
A: sickness immunity, fire resistance 2, cold vulnerability 1, float, innate
caster, HP casting, extra vitality 1
a: no special abilities


You were on level 2 of the Dungeon.
You visited 1 branch of the dungeon, and saw 2 of its levels.

You collected 41 gold pieces.


Innate Abilities, Weirdness & Mutations

You are immune to sickness and miasma.
You are immune to poison.
Your flesh is very heat resistant. (rF++)
You are vulnerable to cold. (rC-)
You float through the air rather than walking.
You learn spells naturally, not from books.
Your magical power is your life essence.
You have superior vitality. (+4 MHP)


   Skills:
 - Level 3.0 Fighting
 + Level 4.0 Ranged Weapons
 - Level 3.2 Dodging
 - Level 0.7 Stealth


You knew the following spells:

 Your Spells              Type           Power      Damage    Failure   Level
a - Shock                 Conj/Air       0%         1d3       43%         1
Your spell library was empty.

Inventory:

Hand Weapons
 a - a +0 shortbow (weapon)
Armour
 c - a +0 leather armour (worn)
 d - a +0 ring mail
 g - a +2 leather armour of fire resistance
Jewellery
 b - a +5 ring of evasion
Scrolls
 e - a scroll of immolation {unknown}
Potions
 f - a potion of might {unknown}

Dungeon Overview and Level Annotations

Branches:
Dungeon (2/15)

Altars:


Message History

You shoot an arrow. The arrow barely misses the orc.
The giant cockroach waves its antennae.
The orc misses you. The orc hits you with a +0 club.
You shoot an arrow. The arrow hits the orc.
The orc is severely wounded.
The gnoll closely misses you. The giant cockroach closely misses you.
A ball python comes into view.
The orc hits you but does no damage.
Enter note:
1444 ||| RETREEEEATING.
You shoot an arrow. The arrow hits the giant cockroach.
The giant cockroach is heavily wounded.
The giant cockroach bites you but does no damage.
The giant cockroach bites you. The gnoll closely misses you.
You shoot an arrow. The arrow hits the orc.
You kill the orc!
The giant cockroach bites you. The gnoll misses you.
You shoot an arrow. The arrow hits the giant cockroach.
You kill the giant cockroach!
You shoot an arrow. The arrow hits the gnoll.
The gnoll is lightly wounded.
You shoot an arrow. The arrow barely misses the gnoll.
The gnoll hits you from afar with a +0 spear.
The gnoll misses you.
You shoot an arrow. The arrow closely misses the gnoll.
The gnoll hits you with a +0 club! The gnoll closely misses you.
You shoot an arrow.
The arrow hits the gnoll but does no damage.
The gnoll is lightly wounded.
The endoplasm closely misses you. The gnoll hits you with a +0 club.
The gnoll barely misses you.
You shoot an arrow. The arrow hits the gnoll.
The gnoll is severely wounded.
The endoplasm hits you. The gnoll hits you with a +0 club!
The gnoll closely misses you.
You shoot an arrow. The arrow hits the gnoll.
You kill the gnoll!
The endoplasm freezes you.
You are frozen!
You feel a terrible chill!
You die...

# ### # #.######
########## #.......
#........####.#####.
#.............# #.
#........###### #.
############.###########
...[...@).....##.....#
########J..#..##.....#
#########.g.#.........###
......................'..
.....).g.......##.....###
..g.#..........##.....#
..)............##....)##
...#S.#####.#####......#
...).. #.# #.....%##


You could see a gnoll and an endoplasm.

Vanquished Creatures
  An orc wizard (D:2)
  A gnoll (D:2)
  2 adders (D:2)
  2 dart slugs (D:1)
  A ribbon worm (D:2)
  2 orcs (D:2)
  2 endoplasms (D:1)
  2 giant cockroaches
  3 goblins
  5 hobgoblins (D:1)
  3 quokkas (D:1)
  6 ball pythons (D:1)
  4 bats
  4 kobolds
  3 rats (D:1)
41 creatures vanquished.

Notes
Turn   | Place    | Note
-------+----------+-------------------------------------------
     0 | D:1      | qw the Djinni Hunter began the quest for the Orb.
     0 | D:1      | Reached XP level 1. HP: 18/18 MP: 0/0
     0 | D:1      | 0 ||| qw: Version: 0.3-a-136-gdd3b4e8
     0 | D:1      | 0 ||| qw: Game counter: 1399
     0 | D:1      | 0 ||| qw: Melee chars always use a shield: true
     0 | D:1      | 0 ||| qw: God list: Okawaru
     0 | D:1      | 0 ||| qw: Allow faded altars: false
     0 | D:1      | 0 ||| qw: Do Orc after clearing Dungeon:15 true
     0 | D:1      | 0 ||| qw: Do second Lair branch before Depths: true
     0 | D:1      | 0 ||| qw: Lair rune preference: random
     0 | D:1      | 0 ||| qw: Goals: Normal
     0 | D:1      | 0 ||| PLANNING D:1-11
    50 | D:1      | Reached XP level 2. HP: 23/23 MP: 0/0
   269 | D:1      | Reached XP level 3. HP: 28/28 MP: 0/0
   269 | D:1      | Learned a level 1 spell: Shock
   270 | D:1      | Reached skill level 4 in Ranged Weapons
   975 | D:1      | 975 ||| READING scroll labelled LEACSEOFUE.
  1076 | D:1      | 1076 ||| READING scroll labelled LAGUMMUIGH.
  1077 | D:1      | 1077 ||| DROPPING scroll of butterflies.
  1188 | D:2      | Reached XP level 4. HP: 34/34 MP: 0/0
  1212 | D:2      | Reached skill level 3 in Fighting
  1434 | D:2      | Reached skill level 3 in Dodging
  1438 | D:2      | 1438 ||| RETREEEEATING.
  1439 | D:2      | 1439 ||| RETREEEEATING.
  1440 | D:2      | 1440 ||| RETREEEEATING.
  1444 | D:2      | 1444 ||| RETREEEEATING.
  1452 | D:2      | HP: 7/35 [gnoll/+0 club (7)]
  1453 | D:2      | Frozen to death by an endoplasm

Levels and vault maps discovered:
D:1:      dpeg_arrival_erosion, layout_basic
D:2:      layout_basic, minmay_misc_feat_more_columns, uniq_crazy_yiuf_cottage

Skill      XL: |  1  2  3  4 |
---------------+-------------+-----
Ranged Weapons | 4 |  4.0
Fighting       | 3 |  3.0
Dodging        | 3 |  3.2
Stealth        | |  0.7

Action                     |  1- 3 |  4- 6 || total
---------------------------+-------+-------++-------
   Fire: Shortbow          |    78 |    49 ||   127
    Use: Scroll            |     2 |       ||     2
 Armour: Leather armour    |    20 |    26 ||    46
  Dodge: Dodged            |    21 |    25 ||    46

Table legend:
 A = Non-vault XP
 B = Vault XP
 C = Vault XP percentage of total XP
 D = Non-vault monster count
 E = Vault monster count
 F = Vault count percentage of total count
                 A         B        C        D         E       F
            +---------+---------+-------+---------+---------+-------
      Total |     146 |       0 |   0.0 |      41 |       0 |   0.0
            +---------+---------+-------+---------+---------+-------
        D:1 |      52 |       0 |   0.0 |      29 |       0 |   0.0
        D:2 |      94 |       0 |   0.0 |      12 |       0 |   0.0
            +---------+---------+-------+---------+---------+-------
